 Seeded DCSS version 0.29-a0-398-ge13fd1374b (webtiles) character file.

Game seed: 14757055994965263044 (custom seed)

1125 zeratav the Geomancer (level 8, -2/46 HPs)
             Began as an Octopode Earth Elementalist on May 12, 2022.
             Slain by an unseen horror (7 damage)
             ... on level 5 of the Dungeon on May 13, 2022.
             The game lasted 00:09:22 (5129 turns).

zeratav the Geomancer (Octopode Earth Elementalist) Turns: 5129, Time: 00:09:23

Health: -2/46      AC:  1    Str:  7    XL:     8   Next: 35%
Magic:  24/25      EV: 14    Int: 26    God:
Gold:   213        SH:  0    Dex: 24    Spells: 13/17 levels left

rFire   . . .      SeeInvis .   p - +2 short sword (holy) {short}
rCold   . . .      Faith    .   (no shield)
rNeg    + . .      Spirit   .   s - +0 hat
rPois   .          Reflect  .   (no amulet)
rElec   .          Harm     .   c - ring of magical power
rCorr   .          Rampage  .   k - ring of Hugh {rN+ Dex+6 Stlth+}
Will    .....                   m - +6 ring of intelligence
Stlth   +++++.....              n - +6 ring of dexterity
HPRegen 0.15/turn               (no ring)
MPRegen 0.19/turn               (no ring)
                                (no ring)
                                (no ring)

@: mighty
A: almost no armour, amphibious, 8 rings, camouflage 1, gelatinous body 1,
(nimble swimmer 1), tentacles
a: no special abilities


You were on level 5 of the Dungeon.
You visited 1 branch of the dungeon, and saw 5 of its levels.

You collected 213 gold pieces.


Innate Abilities, Weirdness & Mutations

You cannot wear most types of armour.
You are amphibious.
You can wear up to eight rings at the same time.
Your skin changes colour to match your surroundings (Stealth+).
Your rubbery body absorbs attacks. (AC +1, EV +1)
((You are camouflaged when in or above water. (Stealth+)))
You have tentacles for arms and can constrict up to eight enemies at once.


   Skills:
 - Level 2.0 Dodging
 - Level 2.6 Stealth
 + Level 5.3 Spellcasting
 - Level 1.0 Transmutations
 * Level 8.5 Earth Magic


You had 13 spell levels left.
You knew the following spells:

 Your Spells              Type           Power      Damage    Failure   Level
a - Sandblast             Erth           100%       2d20      1%          1
b - Stone Arrow           Conj/Erth      58%        3d10      3%          3

Your spell library contained the following spells:

 Spells                   Type           Power      Damage    Failure   Level
 Passwall                 Tmut/Erth      25%        N/A       1%          2
 Freeze                   Ice            24%        1d5       8%          1
 Wereblood                Tmut           12%        N/A       8%          2
 Sublimation of Blood     Necr           6%         N/A       11%         2
 Petrify                  Tmut/Erth      31%        N/A       11%         4
 Frozen Ramparts          Ice            12%        1d3       22%         3
 Hailstorm                Conj/Ice       6%         3d4       58%         4
 Summon Hydra             Summ           3%         N/A       100%        7

Inventory:

Hand Weapons
 p - a +2 short sword of holy wrath (weapon) {short}
   (You took it off a kobold on level 3 of the Dungeon)
Missiles
 a - 70 stones {throwing}
Armour
 s - a +0 hat (worn)
   (You found it on level 3 of the Dungeon)
Jewellery
 c - a ring of magical power (left tentacle)
   (You found it on level 1 of the Dungeon)
 k - the ring of Hugh (right tentacle) {rN+ Dex+6 Stlth+}
   (You acquired it on level 2 of the Dungeon)

   [ring of dexterity]

   Dex:       It affects your dexterity (+6).
   rN:        It protects you from negative energy.
   Stlth:     It makes you more stealthy.
 m - a +6 ring of intelligence (on tentacle)
   (You found it on level 2 of the Dungeon)
 n - a +6 ring of dexterity (on tentacle)
   (You found it on level 2 of the Dungeon)
Wands
 v - a wand of charming (5)
   (You took it off Ijyb on level 4 of the Dungeon)
Scrolls
 d - 2 scrolls of identify {unknown}
 f - 2 scrolls of enchant weapon {unknown}
 g - a scroll of vulnerability {unknown}
 j - a scroll of fear {unknown}
 l - a scroll of silence {unknown}
 o - a scroll of poison {unknown}
 q - a scroll of fog {unknown}
 t - a scroll of brand weapon {unknown}
 x - a scroll of noise {unknown}
 y - a scroll of teleportation {unknown}
Potions
 b - a potion of magic
 e - a potion of degeneration {unknown}
 h - 3 potions of might
 i - a potion of invisibility {unknown}
 r - a potion of flight {unknown}
 u - a potion of mutation {unknown}
 w - 2 potions of brilliance {unknown}

Dungeon Overview and Level Annotations

Branches:
Dungeon (5/15)
 Temple: D:4-7

Altars:
Nemelex Xobeh
Qazlal
Wu Jian
Zin

Shops:
D:3 *

Annotations:
D:5 Sigmund

#......[...........^..
...#######..##.######
..## ###..###.# ..#
#...##...#
..#####.####.###
..##....# #.#
>.##.#### #.# .##..#
##.######### .##.##
#.....@....#### .##.#
#.######.#....# .#..#
#.##{..#....#...#
.#.## #.##.#.[..#.#
#.# ...###
#.##.##....## # .....#
#.##{#######o .....#
#.##gO†g.OY.: .....#
#.#.)#######.
###########.#..#


There were no monsters in sight!


Message History

You lost 1 mp, and now have 23/24 mp.
The blast of sand hits the iguana!!
You kill the iguana!
MP[-1]
You can't see any susceptible monsters within range! (Use Z to cast anyway.)
Things that are here:
a +0 mace {mace}; an iguana corpse; MP[+3]
Your mp is fully restored (25).
You now have 203 gold pieces (gained 11).
y - a scroll labelled OTZEAXO OMIA You now have 213 gold pieces (gained 10).
Found a pair of embroidered gloves.
Found a stone staircase leading down.
Unknown command.
You see here a +0 robe.
h - 4 emerald potions (gained 1) 2 adders and a gnoll come into view.
A yak and an ogre come into view.
The helpless adder fails to defend itself.
You puncture the adder! Your grab misses the adder. The adder misses you. x2
Unknown command.
You completely miss the adder. You grab the adder. You tentacle-slap the adder.
You constrict the adder.
The adder hisses angrily.
Something hits you!
Deactivating autopickup; reactivate with Ctrl-A.
Something hits you. The adder closely misses you. Something hits you!
HP[-22]
You take 22 damage, and now have 24/46 hp.
MASSIVE DAMAGE!! (PAUSE)
Casting: Sandblast (safe; 1% risk of failure)
Confirm with . or Enter, or press ? or * to list all spells.
Aiming: Stone Arrow (dangerous; 4% risk of failure)
Press: ? - help, Shift-Dir - straight line, f - you That beam is likely to hit you.
Continue anyway? [Y]es or [N]o only, please.
That beam is likely to hit you.
Continue anyway? [Y]es or [N]o only, please.
That beam is likely to hit you.
Continue anyway? [Y]es or [N]o only, please.
That beam is likely to hit you.
Continue anyway?
Okay, then.
Casting: Stone Arrow (dangerous; 4% risk of failure)
Confirm with . or Enter, or press ? or * to list all spells.
Aiming: Stone Arrow (dangerous; 4% risk of failure)
Press: ? - help, Shift-Dir - straight line The stone arrow hits something!!
The gnoll shouts!
You constrict the adder.
You kill the adder!
The yak bellows!
The ogre shouts!
Something hits you.
* * * LOW HITPOINT WARNING * * *
An orc comes into view. It is wielding a +0 club.
HP[-1] MP[-3]
You take 1 damage, and now have 23/46 hp.
You lost 3 mp, and now have 22/25 mp.
Something hits you.
* * * LOW HITPOINT WARNING * * *
The adder closely misses you.
HP[-4]
You take 4 damage, and now have 19/46 hp.
Something hits you!
* * * LOW HITPOINT WARNING * * *
Something hits you.
* * * LOW HITPOINT WARNING * * *
The adder misses you.
HP[-15]
You take 15 damage, and now have 4/46 hp.
MASSIVE DAMAGE!! (PAUSE) HP[+1]
Okay, then.
Aiming: Charm
Press: ? - help, Shift-Dir - straight line, f - adder
Aim: an adder (chance to affect: 57%)
The adder is charmed.
Something closely misses your adder.
It was a potion of might.
You feel very mighty all of a sudden. The gnoll barely misses your adder.
Something completely misses your adder.
MP[+1]
Something hits your adder. What are your orders? t - Shout!
Orders for allies: a - Attack new target. p - Attack previous target. r - Retreat! s - Stop attacking. g - Guard the area. f - Follow me.
Anything else - Cancel.
Gang up on whom?
Press: ? - help, Dir - move target, f - gnoll, p - adder
Aim: a gnoll, wielding a +0 club Attack!
Something hits your adder.
Your adder bites something.
Your adder poisons something!
Something hits your adder!
Your adder dies!
You see here a +0 robe.
HP[+1] MP[+1]
Something hits you.
* * * LOW HITPOINT WARNING * * *
HP[-1]
You take 1 damage, and now have 5/46 hp.
Something hits you!
You die...

Skill      XL: |  1  2  3  4  5  6  7  8 |
---------------+-------------------------+-----
Earth Magic    | 4 5 6 7 8 |  8.5
Spellcasting   | 3 4 5 |  5.3
Dodging        | |  2.0
Stealth        | |  2.6
Transmutations | |  1.0

Action                   |  1- 3 |  4- 6 |  7- 9 || total
-------------------------+-------+-------+-------++-------
Melee: Constrict         |     5 |     7 |     2 ||    14
       Tentacles         |     3 |     6 |     2 ||    11
       Unarmed           |     1 |       |       ||     1
       Dagger            |    17 |     3 |       ||    20
       Short sword       |       |    17 |     9 ||    26
       Punch             |       |       |     1 ||     1
 Cast: Sandblast         |    49 |    54 |    31 ||   134
       Stone Arrow       |       |     8 |    11 ||    19
Evoke: Wand              |       |       |     1 ||     1
  Use: Scroll            |     1 |       |       ||     1
       Potion            |       |       |     1 ||     1
 Stab: Sleeping          |     2 |     4 |     1 ||     7
Armor: Skin              |     4 |     2 |       ||     6
Dodge: Dodged            |    26 |    23 |    22 ||    71

Levels and vault maps discovered:
D:1:      minmay_arrival_cross, layout_loops_ring, serial_bayou,
          serial_bayou_pond_a, serial_bayou_ford_a, serial_bayou_pond_c,
          serial_bayou_shore_a, minmay_tripent
D:2:      layout_basic, minmay_stone_trees_small, st_stairs_12,
          kennysheep_generic_room_15
D:3:      layout_loops_cross, gammafunk_temple_overflow_forgotten,
          nicolae_wu_jian_wuxing_cycle, dilly_ecumenical_altar_fadedgnrine,
          serial_shops, nicolae_shop_overgrown_old_shop,
          minmay_misc_feat_ornament, lexackson_kobold_supper
D:4:      layout_loops_ring, serial_aquarium, aquarium_bridge_square
          [aquarium_subvault_wall, aquarium_subvault_bridge,
          aquarium_subvault_wall, aquarium_subvault_wall],
          aquarium_bridge_long_joined [aquarium_subvault_wall,
          aquarium_subvault_wall, aquarium_subvault_bridge,
          aquarium_subvault_wall, aquarium_subvault_bridge,
          aquarium_subvault_window], aquarium_window_corner,
          aquarium_window_fake, aquarium_view_4, aquarium_balcony_3b,
          aquarium_pool_five, uniq_ijyb, uniq_eustachio
D:5:      layout_rooms, minmay_manual_monstrance, uniq_sigmund, uniq_edmund,
          uniq_blork_the_orc

Notes
Turn   | Place    | Note
-------+----------+-------------------------------------------
     0 | D:1      | zeratav the Octopode Earth Elementalist began the quest for
                  | the Orb.
     0 | D:1      | Reached XP level 1. HP: 11/11 MP: 3/3
     0 | D:1      | magus.rc [v1.9.6]
   274 | D:1      | Reached XP level 2. HP: 17/17 MP: 3/5
   861 | D:1      | Reached XP level 3. HP: 16/21 MP: 6/6
  1263 | D:2      | Reached skill level 4 in Earth Magic
  1310 | D:2      | Identified a scroll of acquirement
  1310 | D:2      | Acquired the ring of Hugh {rN+ Dex+6 Stlth+}
  1655 | D:2      | Reached XP level 4. HP: 24/27 MP: 8/8
  2037 | D:2      | Reached skill level 3 in Spellcasting
  2152 | D:3      | Learned a level 3 spell: Stone Arrow
  2200 | D:3      | Found a stormy altar of Qazlal.
  2200 | D:3      | Found a glowing silver altar of Zin.
  2201 | D:3      | Found a sparkling altar of Nemelex Xobeh.
  2389 | D:3      | Found an ornate altar of the Wu Jian Council.
  2531 | D:3      | Reached skill level 5 in Earth Magic
  2531 | D:3      | Reached XP level 5. HP: 31/31 MP: 9/9
  2552 | D:3      | You pick up a book of Frost and begin reading...
  2552 | D:3      | You add the spells Freeze, Frozen Ramparts and Hailstorm to
                  | your library.
  2596 | D:3      | Found Zakudgh Ucawn's Assorted Antiques.
  2935 | D:3      | Found a faded altar of an unknown god.
  3405 | D:4      | Noticed Ijyb
  3411 | D:4      | Killed Ijyb
  3412 | D:4      | Reached XP level 6. HP: 24/36 MP: 9/11
  3520 | D:4      | Noticed an ice beast
  3532 | D:4      | Killed an ice beast
  3533 | D:4      | Reached skill level 6 in Earth Magic
  3741 | D:4      | You pick up a book of Blood and begin reading...
  3741 | D:4      | You add the spells Sublimation of Blood, Wereblood and
                  | Summon Hydra to your library.
  3849 | D:4      | Reached skill level 4 in Spellcasting
  3849 | D:4      | Reached XP level 7. HP: 39/41 MP: 13/13
  4097 | D:4      | Noticed Eustachio
  4112 | D:4      | Killed Eustachio
  4113 | D:4      | Reached skill level 7 in Earth Magic
  4114 | D:4      | HP: 8/41 [scorpion (7)]
  4714 | D:5      | Entered Level 5 of the Dungeon
  4721 | D:4      | Reached XP level 8. HP: 41/46 MP: 15/15
  4820 | D:5      | Noticed Blork the orc
  4822 | D:5      | Killed Blork the orc
  4823 | D:5      | Reached skill level 5 in Spellcasting
  4823 | D:5      | Reached skill level 8 in Earth Magic
  4851 | D:5      | Noticed Edmund
  4858 | D:5      | Killed Edmund
  4995 | D:5      | Noticed Sigmund
  5111 | D:5      | Noticed a yak
  5116 | D:5      | HP: 7/46 [something (12)]
  5128 | D:5      | HP: 5/46 [something (1)]
  5129 | D:5      | Slain by an unseen horror

Vanquished Creatures
  Eustachio (D:4)
  Edmund (D:5)
  An ice beast (D:4)
  Blork the orc (D:5)
  2 scorpions (D:4)
  3 hounds (D:4)
  2 jellies
  An orc priest (D:5)
  Ijyb (D:4)
  3 iguanas
  3 orc wizards (D:4)
  6 gnolls
  7 adders
  A shadow imp (D:5)
  2 worms (D:2)
  A dart slug (D:3)
  8 orcs
  6 ball pythons
  4 bats
  8 endoplasms
  2 giant cockroaches
  8 goblins
  5 hobgoblins
  16 jackals
  3 quokkas
  2 frilled lizards (D:3)
  14 kobolds
  8 rats
120 creatures vanquished.

Vanquished Creatures (others)
  An adder (D:5)
  20 fungi (D:4)
  3 plants
24 creatures vanquished.

Grand Total: 144 creatures vanquished

Table legend:
 A = Non-vault XP
 B = Vault XP
 C = Vault XP percentage of total XP
 D = Non-vault monster count
 E = Vault monster count
 F = Vault count percentage of total count
                 A         B        C        D         E       F
            +---------+---------+-------+---------+---------+-------
      Total |    1090 |     518 |  32.2 |     103 |      17 |  14.2
            +---------+---------+-------+---------+---------+-------
        D:1 |      34 |       4 |  10.5 |      21 |       2 |   8.7
        D:2 |     104 |       3 |   2.8 |      32 |       2 |   5.9
        D:3 |      45 |      11 |  19.6 |       5 |       8 |  61.5
        D:4 |     715 |     239 |  25.1 |      31 |       2 |   6.1
        D:5 |     192 |     261 |  57.6 |      14 |       3 |  17.6
            +---------+---------+-------+---------+---------+-------

Illustrated notes

Table legend:
 A = Kills in this place as a percentage of kills in entire the game.
 B = Kills by you in this place as a percentage of kills by you in the entire game.
 C = Kills by friends in this place as a percentage of kills by friends in the entire game.
 D = Other kills in this place as a percentage of other kills in the entire game.
 E = Experience gained in this place as a percentage of experience gained in the entire game.
 F = Experience gained in this place divided by the number of levels of this place that you have seen.
                   A       B       C       D       E      F
               +-------+-------+-------+-------+-------+----------------------
         Total | 100.0 | 100.0 |   N/A |   N/A | 100.0 | 321.6
       Dungeon | 100.0 | 100.0 |   N/A |   N/A | 100.0 | 321.6
               +-------+-------+-------+-------+-------+----------------------

Table legend: (Time is in decaauts)
 A = Elapsed time spent in this place.
 B = Non-inter-level travel time spent in this place.
 C = Inter-level travel time spent in this place.
 D = Time resting spent in this place.
 E = Time spent auto-exploring this place.
 F = Levels seen in this place.
 G = Mean time per level.
                   A        B        C        D        E       F      G
               +--------+--------+--------+--------+--------+-----+--------+
         Total |   5127 |   4984 |    143 |    409 |   3938 |   5 | 1025.4 |
       Dungeon |   5127 |   4984 |    143 |    409 |   3938 |   5 | 1025.4 |
               +--------+--------+--------+--------+--------+-----+--------+

Top non-repeatable levels by time:
     D:4: 1706 daAuts
     D:1: 1093 daAuts
     D:2: 1051 daAuts
     D:3: 885 daAuts
     D:5: 391 daAuts
